 Dungeon Crawl Stone Soup version 0.25.0-10-g039870ee82 (webtiles) character file.

Game seed: 9816300074712873621

109 Kerr0r the Chopper (level 4, -2/41 HPs)
             Began as a Hill Orc Monk on June 22, 2020.
             Slain by a killer bee (6 damage)
             ... on level 2 of the Dungeon.
             The game lasted 00:04:21 (2400 turns).

Kerr0r the Chopper (Hill Orc Monk)                  Turns: 2400, Time: 00:04:22

Health: -2/41      AC: 10    Str: 14    XL:     4   Next: 90%
Magic:  4/4        EV:  7    Int: 10    God:
Gold:   132        SH:  0    Dex: 13    Spells: 3/3 levels left

rFire    . . .     SeeInvis .   a - +0 hand axe
rCold    . . .     Gourm    .   (no shield)
rNeg     . . .     Faith    .   f - +0 chain mail
rPois    .         Spirit   .   g - +0 helmet
rElec    .         Reflect  .   (no cloak)
rCorr    .         Harm     .   (no gloves)
MR       .....                  (no boots)
Stlth    ..........             (no amulet)
HPRegen  0.13/turn              (no ring)
MPRegen  0.09/turn              (no ring)

@: lethally poisoned (-2 -> -6)
A: no striking features
a: no special abilities


You were on level 2 of the Dungeon.
You were not hungry.

You visited 1 branch of the dungeon, and saw 3 of its levels.

You collected 132 gold pieces.

Inventory:

Hand Weapons
 a - a +0 hand axe (weapon)
Armour
 b - a +0 robe
 f - a +0 chain mail (worn)
 g - a +0 helmet (worn)
Jewellery
 l - an uncursed amulet of the acrobat {unknown}
Scrolls
 d - 3 scrolls of teleportation {unknown}
 e - a scroll of remove curse {unknown}
 j - a scroll of identify {unknown}
Potions
 i - 2 potions of stabbing
Comestibles
 c - 3 rations
 h - 2 chunks of flesh


   Skills:
 + Level 4.8 Fighting
 + Level 5.2 Axes
 + Level 2.6 Armour
 - Level 2.4 Dodging
 - Level 1.5 Stealth


You had 3 spell levels left.
You didn't know any spells.
Your spell library was empty.

Dungeon Overview and Level Annotations

Branches:
Dungeon (3/15)

Altars:


Message History

The killer bee stings you.
* * * LOW HITPOINT WARNING * * *
The killer bee stings you.
* * * LOW HITPOINT WARNING * * *
You are more poisoned.
The killer bee poisons you! The killer bee closely misses you.
You feel better. The killer bee stings you.
* * * LOW HITPOINT WARNING * * *
You are poisoned.
The killer bee poisons you!
The killer bee stings you but does no damage.
The killer bee stings you.
* * * LOW HITPOINT WARNING * * *
The killer bee barely misses you.
You hit the killer bee.
The killer bee is heavily wounded.
You barely miss the killer bee.
* * * LOW HITPOINT WARNING * * *
You feel sick. The killer bee stings you.
You die...

###.##### #.# #.# #.#
#.###########.##
#.#.....<..#...##
#.#.######......# #.#.#
####.#...######
#.#.###..............
#..y....##.##.#######
###y@......##.#
###########.# #.# #.# #.#
#.#
##############.#######
#....>.......#.#.....)
####.##########.#.#.#####


You could see 2 killer bees.

Vanquished Creatures
  3 adders (D:2)
  2 oozes (D:2)
  2 worms (D:2)
  A dart slug (D:1)
  3 leopard geckos
  3 orcs (D:2)
  A ball python (D:2)
  6 giant cockroaches
  5 goblins
  11 hobgoblins
  3 jackals (D:2)
  A kobold (D:2)
  A quokka (D:2)
  4 bats
  3 frilled lizards
  7 rats
56 creatures vanquished.

Notes
Turn   | Place    | Note
-------+----------+-------------------------------------------
     0 | D:1      | Kerr0r the Hill Orc Monk began the quest for the Orb.
     0 | D:1      | Reached XP level 1. HP: 19/19 MP: 1/1
   258 | D:1      | Reached XP level 2. HP: 25/27 MP: 2/2
   299 | D:1      | Reached skill level 1 in Armour
  1014 | D:2      | Reached XP level 3. HP: 33/33 MP: 3/3
  1500 | D:2      | Reached XP level 4. HP: 41/41 MP: 4/4
  1830 | D:2      | Reached skill level 5 in Axes
  2400 | D:2      | Slain by a killer bee

Illustrated notes

Levels and vault maps discovered:
D:1:      arrival_zaba_pyramid, layout_basic, chequers_serial_rivers_micro_c,
          st_stairs_8
D:2:      layout_loops_corners, kennysheep_generic_room_16
D:3:      layout_rooms, chequers_temple_overflow_minitemple, uniq_ijyb

Skill      XL: |  1  2  3  4 |
---------------+-------------+-----
Armour         | 1 2 |  2.6
Fighting       | 4 |  4.8
Axes           | 5 |  5.2
Dodging        | |  2.4
Stealth        | |  1.5

Action                   |  1- 3 |  4- 6 || total
-------------------------+-------+-------++-------
Melee: Hand axe          |   126 |   114 ||   240
  Use: Potion            |       |     3 ||     3
 Stab: Sleeping          |     1 |       ||     1
  Eat: Chunk             |     2 |     3 ||     5
Armor: Chain mail        |    53 |    84 ||   137
       Robe              |     1 |       ||     1
Dodge: Dodged            |    46 |    47 ||    93
